 Dungeon Crawl Stone Soup version 0.25-a0-42-g6c54e25894 (webtiles) character file.

Game seed: 225010108841848065, levelgen mode: deterministic

6043 Feidir the Carver (level 10, -7/90 HPs)
             Began as a Minotaur Monk on Oct 21, 2019.
             Was an Elder of Trog.
             Killed by divine providence
             ... invoked by an orc priest
              (9 damage)
             ... on level 9 of the Dungeon on Oct 22, 2019.
             The game lasted 01:27:03 (8004 turns).

Feidir the Carver (Minotaur Monk)                   Turns: 8004, Time: 01:27:03

Health: -7/90      AC: 15    Str: 16    XL:     10   Next: 57%
Magic:  9/9        EV: 10    Int:  9    God:    Trog [****..]
Gold:   138        SH:  0    Dex: 14    Spells: 9/9 levels left

rFire    . . .     SeeInvis .   m - +5 falchion (drain)
rCold    . . .     Gourm    .   (no shield)
rNeg     . . .     Faith    .   Q - +0 chain mail
rPois    .         Spirit   .   (helmet restricted)
rElec    .         Reflect  .   o - +0 cloak
rCorr    +         Harm     .   K - +0 pair of gloves
MR       .....                  B - +0 pair of boots
Stlth    ..........             (no amulet)
HPRegen  0.25/turn              y - +2 ring of protection
MPRegen  0.11/turn              V - ring of resist corrosion

@: very slightly contaminated
A: retaliatory headbutt, horns 2
a: Berserk, Trog's Hand, Brothers in Arms, Renounce Religion


You were on level 9 of the Dungeon.
You worshipped Trog.
Trog was greatly pleased with you.
You were not hungry.

You visited 2 branches of the dungeon, and saw 10 of its levels.
You also visited: Sewer.

You collected 333 gold pieces.
You spent 195 gold pieces at shops.

Inventory:

Hand Weapons
 a - a +1 falchion
 f - a +1 whip of flaming
 m - a +5 falchion of draining (weapon)
 s - a +1 dagger of venom
 z - a +4 trident
 H - a +1 dagger of electrocution
 N - a +0 long sword
 X - a +0 shortbow
Missiles
 d - 34 boomerangs
 r - 23 poisoned darts (quivered)
 P - 5 javelins
Armour
 b - a +0 robe
 l - a +0 scale mail {Like it!}
 n - a +1 ring mail
 o - a +0 cloak (worn)
 B - a +0 pair of boots (worn)
 G - a +2 leather armour of fire resistance
 I - a +0 leather armour of cold resistance
 K - a +0 pair of gloves (worn)
 Q - a +0 chain mail (worn)
Magical Staves
 S - an uncursed staff of summoning
Jewellery
 g - a +4 ring of intelligence
 i - an uncursed ring of fire
 k - an uncursed ring of ice
 y - a +2 ring of protection (left hand)
 T - an uncursed ring of poison resistance
 V - a ring of resist corrosion (right hand)
Wands
 q - a wand of iceblast (5)
 A - a wand of acid (1)
 L - a wand of random effects (12)
 M - a wand of polymorph (12)
 U - a wand of enslavement (3)
 Y - a wand of clouds (6)
Scrolls
 j - a scroll of amnesia
 p - 10 scrolls of identify
 t - 4 scrolls of teleportation
 u - a scroll of blinking
 v - 2 scrolls of remove curse
 Z - a scroll of magic mapping
Potions
 e - a potion of resistance
 h - 6 potions of curing
 w - 2 potions of haste
 x - a potion of lignification {unknown}
 C - a potion of invisibility {unknown}
 D - 2 potions of flight
 E - a potion of might
 J - 2 potions of agility
 R - a potion of cancellation
Comestibles
 c - 17 rations


   Skills:
 + Level 8.7 Fighting
 + Level 10.9 Long Blades
 + Level 1.1(1.5) Maces & Flails
 + Level 1.4(1.9) Polearms
 + Level 1.7(2.2) Staves
 + Level 6.5 Throwing
 + Level 5.9 Armour
 + Level 7.0 Dodging
 + Level 4.9 Stealth
 + Level 1.0 Evocations


You had 9 spell levels left.
You didn't know any spells.
Your spell library contained the following spells:

 Spells                   Type           Power        Failure   Level  Hunger
 Throw Frost              Conj/Ice       #.....       100%        2    ###....
 Lesser Beckoning         Tloc           #.........   100%        3    ####...
 Passage of Golubria      Tloc           N/A          100%        4    #####..
 Summon Forest            Summ/Tloc      #.........   100%        5    ######.
 Ozocubu's Refrigeration  Ice            #.........   100%        6    #######


Dungeon Overview and Level Annotations

Branches:
Dungeon (9/15)             Temple (1/1) D:5            Lair (0/6) D:9
  Sewer (visited)
    Orc: D:9-12

Altars:
Ashenzari
Cheibriados
Dithmenos
Elyvilon
Gozag
Hepliaklqana
Kikubaaqudgha
Makhleb
Nemelex Xobeh
Okawaru
Qazlal
Ru
Sif Muna
Trog
Uskayaw
Vehumet
Wu Jian
Xom
Yredelemnul
Zin
The Shining One

Shops:
D:6 }   D:7 (?*?*


Innate Abilities, Weirdness & Mutations

You reflexively headbutt those who attack you in melee.
You have a pair of horns on your head.


Message History

Trog appreciates your killing of a magic user.
Evoke which item? (* to show all) (? for menu, Esc to quit)
Okay, then.
The orc priest invokes the aid of Beogh against you.
Beogh smites you!
* * * LOW HITPOINT WARNING * * *
You hit the orc priest but do no damage.
The orc priest looks encouraged for a moment.
You hit the orc priest but do no damage.
You headbutt the orc priest, but do no damage.
The orc priest hits you with a +0 club.
* * * LOW HITPOINT WARNING * * *
Okay, then.
Okay, then.
Blink to where?
Press: ? - help, Dir - move target cursor
As you read the scroll of blinking, it crumbles to dust.
The orc priest invokes the aid of Beogh against you.
Beogh smites you!
You die...

#..###########.#
######..............#############
.............................((((
.................################
################.# #.# #.#
################.#
))..............@################
))...................)...........
######..###########...o§.........
#..# #...########### #..# #...#
#..# #. # .... # .. ...... ..
...... ...


You could see an orc priest.

Vanquished Creatures
  A two-headed ogre (D:9)
  A hornet (D:8)
  3 slime creatures (D:6)
  A hippogriff (D:8)
  A wyvern (D:9)
  2 soldier ants (D:8)
  A water moccasin (D:8)
  3 sky beasts
  2 orc warriors (D:8)
  6 ogres
  3 wolves (D:9)
  3 centaurs
  6 big kobolds
  3 bullfrogs (D:7)
  A gnoll sergeant (D:9)
  A wyvern skeleton (D:8)
  A water moccasin zombie (D:8)
  A scorpion (D:8)
  7 killer bees (D:9)
  A howler monkey (D:4)
  3 crimson imps
  A quasit (D:6)
  5 orc priests
  8 hounds
  7 orc wizards
  8 jellies
  3 centaur skeletons
  5 iguanas
  3 worker ants
  6 gnolls
  8 adders
  8 river rats
  A shadow imp (D:7)
  2 oozes (D:6)
  2 adder skeletons
  4 worms
  4 dart slugs
  7 leopard geckos
  24 orcs
  6 giant cockroaches
  6 goblins
  4 hobgoblins
  4 quokkas
  8 ball pythons
  6 bats
  10 frilled lizards
  28 kobolds
  28 rats
  A fungus (D:6)
258 creatures vanquished.

Vanquished Creatures (collateral kills)
  An ogre (D:9)
1 creature vanquished.

Vanquished Creatures (others)
  A fungus (D:6)
  5 toadstools (D:6)
6 creatures vanquished.

Grand Total: 265 creatures vanquished

Notes
Turn   | Place    | Note
-------+----------+-------------------------------------------
     0 | D:1      | Feidir the Minotaur Monk began the quest for the Orb.
     0 | D:1      | Reached XP level 1. HP: 19/19 MP: 0/0
   230 | D:1      | Reached skill level 4 in Long Blades
   230 | D:1      | Reached XP level 2. HP: 14/27 MP: 1/1
   824 | D:2      | Reached XP level 3. HP: 24/33 MP: 2/2
  1527 | D:3      | Reached XP level 4. HP: 39/41 MP: 3/3
  1883 | D:3      | Reached skill level 5 in Long Blades
  1887 | D:3      | Reached skill level 1 in Armour
  2413 | D:4      | Reached XP level 5. HP: 45/47 MP: 4/4
  2629 | D:4      | Reached XP level 6. HP: 45/53 MP: 5/5
  2849 | D:5      | Entered Level 5 of the Dungeon
  2865 | D:5      | Reached skill level 6 in Long Blades
  2923 | D:5      | Identified the Disquisition on Displaced Cold
  3079 | D:5      | Found a staircase to the Ecumenical Temple.
  3088 | D:5      | Reached XP level 7. HP: 41/60 MP: 6/6
  3091 | D:5      | Reached skill level 7 in Long Blades
  3098 | Temple   | Entered the Ecumenical Temple
  3213 | Temple   | Became a worshipper of Trog the Wrathful
  3213 | Temple   | Reached * piety under Trog
  3213 | Temple   | Reached ** piety under Trog
  3308 | D:5      | Reached skill level 1 in Polearms
  3322 | D:5      | Reached skill level 5 in Fighting
  3425 | D:5      | Found a glowing drain.
  3430 | Sewer    | Entered a sewer
  3671 | Sewer    | Reached skill level 1 in Throwing
  4522 | D:6      | Reached XP level 8. HP: 57/70 MP: 7/7
  4780 | D:6      | Reached *** piety under Trog
  5030 | D:6      | Reached skill level 8 in Long Blades
  5095 | D:6      | Noticed a slime creature
  5095 | D:6      | Noticed a slime creature
  5095 | D:6      | Noticed a slime creature
  5108 | D:6      | Killed a slime creature
  5112 | D:6      | Reached skill level 9 in Long Blades
  5115 | D:6      | Killed a slime creature
  5115 | D:6      | Reached skill level 5 in Dodging
  5115 | D:6      | Reached XP level 9. HP: 47/78 MP: 8/8
  5122 | D:6      | Reached skill level 1 in Evocations
  5237 | D:6      | Found Caepoov's Gadget Boutique.
  5284 | D:6      | Bought a wand of polymorph (13) for 195 gold pieces
  5442 | D:7      | Found a shadowy altar of Dithmenos.
  5453 | D:7      | Found Poder's Magic Scroll Shop.
  5476 | D:7      | Reached skill level 5 in Throwing
  5537 | D:7      | Found Meablim's General Store.
  5558 | D:7      | Received a gift from Trog
  5568 | D:7      | Found Jeexemad's General Store.
  5686 | D:7      | Found Syareipena's Magic Scroll Emporium.
  5740 | D:7      | Reached skill level 1 in Staves
  5776 | D:7      | Found a shimmering blue altar of Sif Muna.
  5778 | D:7      | Found a burning altar of Makhleb.
  5846 | D:7      | Found Faggi's Weapon Boutique.
  6102 | D:8      | Reached skill level 10 in Long Blades
  6448 | D:8      | Reached skill level 1 in Maces & Flails
  6466 | D:8      | Reached XP level 10. HP: 72/88 MP: 9/9
  6894 | D:8      | Reached **** piety under Trog
  7084 | D:9      | HP: 4/88 [poisoned by a killer bee]
  7248 | D:9      | Reached skill level 5 in Armour
  7588 | D:9      | Noticed a two-headed ogre
  7647 | D:9      | Killed a two-headed ogre
  7977 | D:9      | Found a staircase to the Lair.
  7999 | D:9      | HP: 1/90 [orc priest/divine providence (15)]
  8004 | D:9      | Killed from afar by an orc priest

Levels and vault maps discovered:
D:1:      minmay_arrival_arboretum_small, layout_basic
D:2:      layout_basic
D:3:      layout_basic
D:4:      layout_cave_pools
D:5:      layout_loops_ring, minmay_temple_entry_mini_moons,
          portal_sewer_entry_e, first_ration
D:6:      cheibrodos_fertilizer, layout_rooms, serial_shops,
          nicolae_shop_crystal
D:7:      layout_rooms, grunt_dithmenos_smoke_and_mirrors, minitemple,
          serial_shops, shop, kennysheep_mini_moat, kennysheep_mini,
          nicolae_shop_waterfront, kennysheep_little_box
D:8:      layout_basic, hangedman_pestilent_swarm
D:9:      layout_long_grid, fedhas_altar_4, erik_lair_island, serial_shops,
          nicolae_shop_crystal, trog_hazing_becter
Temple:   compressed_dpeg_circular_temple

Skill      XL: |  1  2  3  4  5  6  7  8  9 10 |
---------------+-------------------------------+-----
Fighting       | 4 5 6 7 8 |  8.7
Long Blades    | 4 5 6 7 9 10 | 10.9
Stealth        | 2 3 4 |  4.9
Armour         | 1 2 3 4 5 |  5.9
Dodging        | 4 5 6 7 |  7.0
Polearms       | 1 |  1.4
Throwing       | 3 4 6 |  6.5
Evocations     | 1 |  1.0
Staves         | 1 |  1.7
Maces & Flails | 1 |  1.1

Action                   |  1- 3 |  4- 6 |  7- 9 | 10-12 || total
-------------------------+-------+-------+-------+-------++-------
Melee: Falchion          |    79 |    75 |   249 |    97 ||   500
       Headbutt          |     8 |    15 |    64 |    24 ||   111
       Trident           |       |     6 |       |       ||     6
       Staff             |       |       |    10 |       ||    10
       Whip              |       |       |     7 |       ||     7
       Long sword        |       |       |       |     2 ||     2
Throw: Boomerang         |     3 |       |     1 |       ||     4
       Dart              |       |     3 |    93 |    17 ||   113
       Javelin           |       |       |    10 |       ||    10
Invok: Berserk           |       |       |     1 |       ||     1
       Trog's Hand       |       |       |     1 |       ||     1
Evoke: Wand              |       |     1 |     2 |     4 ||     7
  Use: Scroll            |     6 |     9 |     3 |     4 ||    22
       Potion            |     5 |     1 |     4 |     7 ||    17
 Stab: Sleeping          |     3 |       |     3 |       ||     6
       Distracted        |       |     1 |     2 |       ||     3
  Eat: Chunk             |     2 |     1 |     2 |     1 ||     6
       Ration            |       |     2 |     3 |     1 ||     6
Armor: Robe              |    16 |       |       |       ||    16
       Scale mail        |     5 |     4 |       |       ||     9
       Ring mail         |       |    21 |    17 |       ||    38
       Leather armour    |       |       |    63 |    10 ||    73
       Chain mail        |       |       |       |    94 ||    94
Dodge: Dodged            |    51 |    68 |   177 |   104 ||   400
       Rpst.: Falchion   |    13 |    18 |    46 |    36 ||   113
       Long sword        |       |       |       |     2 ||     2

Table legend:
 A = Non-vault XP
 B = Vault XP
 C = Vault XP percentage of total XP
 D = Non-vault monster count
 E = Vault monster count
 F = Vault count percentage of total count
                 A         B        C        D         E       F
            +---------+---------+-------+---------+---------+-------
      Total |    5937 |    2697 |  31.2 |     173 |      85 |  32.9
            +---------+---------+-------+---------+---------+-------
        D:1 |      29 |       0 |   0.0 |      16 |       0 |   0.0
        D:2 |      66 |       0 |   0.0 |      27 |       0 |   0.0
        D:3 |      64 |       0 |   0.0 |      19 |       0 |   0.0
        D:4 |     272 |       0 |   0.0 |      17 |       0 |   0.0
        D:5 |     589 |      58 |   9.0 |      16 |       8 |  33.3
        D:6 |     835 |    1329 |  61.4 |      19 |      19 |  50.0
        D:7 |     783 |       0 |   0.0 |      13 |       0 |   0.0
        D:8 |    1424 |     592 |  29.4 |      23 |       4 |  14.8
        D:9 |    1875 |     472 |  20.1 |      23 |       6 |  20.7
      Sewer |       0 |     246 | 100.0 |       0 |      48 | 100.0
            +---------+---------+-------+---------+---------+-------
